 Dungeon Crawl Stone Soup version 0.23-a0-636-g0ff605794f (webtiles) character file.

44 LLavrengius the Digger (level 3, 0/22 HPs)
             Began as a Gargoyle Earth Elementalist on Dec 28, 2018.
             Slain by Terence
             ... wielding a +0 falchion
              (5 damage)
             ... on level 1 of the Dungeon.
             The game lasted 00:06:24 (1312 turns).

LLavrengius the Digger (GrEE)                       Turns: 1312, Time: 00:06:24

Health: 0/22       AC:  6    Str: 12    XL:     3   Next: 60%
Magic:  2/6        EV: 12    Int: 15    God:
Gold:   56         SH:  0    Dex: 10    Spells: 3/6 levels left

rFire    . . .     SeeInvis .   g - +0 short sword
rCold    . . .     Gourm    .   (no shield)
rNeg     + . .     Faith    .   c - +0 robe
rPois    ∞         Spirit   .   (no helmet)
rElec    +         Reflect  .   e - +0 cloak
rCorr    .         Harm     .   (no gloves)
MR       .....                  (no boots)
Stlth    ++........             (no amulet)
HPRegen  0.07/turn              (no ring)
MPRegen  0.10/turn              (no ring)

@: no status effects
A: negative energy resistance 1, electricity resistance, unbreathing,
petrification resistance, rot immunity, AC +3
a: no special abilities


You were on level 1 of the Dungeon.
You were hungry.

You visited 1 branch of the dungeon, and saw 2 of its levels.

You collected 56 gold pieces.

Inventory:

Hand Weapons
 g - a +0 short sword (weapon)
 q - a +1 whip of freezing
Missiles
 b - 56 stones
 f - 2 tomahawks (quivered)
Armour
 c - a +0 robe (worn)
 e - a +0 cloak (worn)
Jewellery
 o - a cursed ring of attention {unknown}
Scrolls
 h - a scroll of enchant weapon {unknown}
 i - a scroll of fog {unknown}
 m - a scroll of teleportation {unknown}
 n - a scroll of identify {unknown}
Potions
 a - a potion of degeneration {unknown}
 k - a potion of haste {unknown}
 l - a potion of ambrosia {unknown}
 p - a potion of agility {unknown}
Comestibles
 d - 4 rations
 j - 3 chunks of flesh


   Skills:
 + Level 2.3 Fighting
 - Level 1.5 Dodging
 - Level 2.1 Stealth
 - Level 2.0 Spellcasting
 - Level 0.7 Transmutations
 + Level 4.6 Earth Magic


You had 3 spell levels left.
You knew the following spells:

 Your Spells              Type           Power        Failure   Level  Hunger
a - Sandblast             Erth           ###...       3%          1    #......
b - Passwall              Tmut/Erth      #.......     11%         2    ###....

Your spell library contained the following spells:

 Spells                   Type           Power        Failure   Level  Hunger
 Stone Arrow              Conj/Erth      #.....       26%         3    ###....
 Petrify                  Tmut/Erth      #.......     58%         4    #####..
 Lee's Rapid Deconstruct  Erth           ###.......   67%         5    ######.


Dungeon Overview and Level Annotations

Branches:
Dungeon (2/15)

Altars:

Annotations:
D:1 Terence


Innate Abilities, Weirdness & Mutations

You are resistant to torment.
Your stone body is resilient. (AC +3)
You are immune to poison.
You resist negative energy. (rN+)
You are resistant to electric shocks. (rElec)
You can survive without breathing.
You are immune to petrification.
You are immune to rotting.


Message History

Terence is moderately wounded.
Terence hits you with a +0 falchion.
You barely miss Terence.
Terence is moderately wounded.
Terence misses you.
You hit Terence but do no damage.
Terence is moderately wounded.
Terence hits you but does no damage.
Some of the chunks of flesh in your inventory have rotted away.
You hit Terence but do no damage.
Terence is moderately wounded.
Terence hits you with a +0 falchion.
* * * LOW HITPOINT WARNING * * *
You hit Terence.
Terence is heavily wounded.
Terence closely misses you.
You hit Terence but do no damage.
Terence is heavily wounded.
Terence hits you with a +0 falchion.
You die...

............).###..###.#
# ####.#.###.#.##
#......# # #.#.# #.#.#
#..###.# # #.#.# #.#.#
##.# #.# # ####.#.###.#.#
#.###.# # ...........#.#
##....## #
#########..#.####....##
#............# #
#.######@....# # #.#
#@#.#.# # #.# #.#.#.# #
#.# #>#.#.# # #.# #.#.#.#
# #.# #.#.#÷# # #.#
#..#..# ###### # #.#
#.###.# ### #...). #
#.######..#.####.###.##..


You could see Terence.

Vanquished Creatures
  A worm (D:2)
  2 leopard geckos
  A giant cockroach (D:2)
  5 hobgoblins
  2 jackals (D:2)
  5 bats (D:1)
  13 frilled lizards
  2 goblins (D:1)
  5 kobolds
  8 rats
44 creatures vanquished.

Vanquished Creatures (others)
  3 plants (D:1)
3 creatures vanquished.

Grand Total: 47 creatures vanquished

Notes
Turn   | Place    | Note
-------+----------+-------------------------------------------
     0 | D:1      | LLavrengius the Gargoyle Earth Elementalist began the quest
                  | for the Orb.
     0 | D:1      | Reached XP level 1. HP: 10/10 MP: 3/3
   170 | D:1      | Reached skill level 1 in Fighting
   194 | D:1      | Reached skill level 4 in Earth Magic
   194 | D:1      | Reached XP level 2. HP: 16/16 MP: 5/5
   211 | D:1      | Learned a level 2 spell: Passwall
   679 | D:1      | Reached XP level 3. HP: 21/21 MP: 1/6
   900 | D:2      | Noticed an ice beast
  1160 | D:2      | Noticed Terence
  1312 | D:1      | Slain by Terence

Vault maps used:
D:1:      saegor_arrival_simple_a, minmay_lizard_king
D:2:      chequers_ecumenical_altar_twisty,
          wander_ebering_terrifying_dragon_lair, uniq_crazy_yiuf_cottage,
          uniq_terence

Skill      XL: |  1  2  3 |
---------------+----------+-----
Fighting       | 1 2 |  2.3
Earth Magic    | 4 |  4.6
Dodging        | |  1.5
Stealth        | |  2.1
Spellcasting   | |  2.0
Transmutations | |  0.7

Action                   || total
-------------------------++-------
Melee: Short sword       ||   140
 Cast: Sandblast         ||    22
 Stab: Sleeping          ||     6
  Eat: Chunk             ||     1
Armor: Robe              ||    44
Dodge: Dodged            ||    92

Table legend:
 A = Non-vault XP
 B = Vault XP
 C = Vault XP percentage of total XP
 D = Non-vault monster count
 E = Vault monster count
 F = Vault count percentage of total count
                 A         B        C        D         E       F
            +---------+---------+-------+---------+---------+-------
      Total |      48 |      15 |  23.8 |      31 |      13 |  29.5
            +---------+---------+-------+---------+---------+-------
        D:1 |      26 |      15 |  36.6 |      20 |      13 |  39.4
        D:2 |      22 |       0 |   0.0 |      11 |       0 |   0.0
            +---------+---------+-------+---------+---------+-------
